Map: Triton LE

Players

SizzleChest

  • Race: Terran Terran
  • League: Platinum
  • Spawn Location: 11:00

Death - Winner!

  • Race: Zerg Zerg
  • League: Platinum
  • Spawn Location: 5:00

VOD

Have the link to the VOD?

Description

Time

  • Played on: Feb. 10, 2020, 12:02 a.m.
  • Length: 22:55
Show
View Real Time Build Order
Export as new Build Order

SizzleChest Terran 

Build Orders:  

Get SALT Encoding   

  12  0:01  SCV  
  13  0:13  SCV  
  14  0:21  Supply Depot  
  14  0:25  SCV  
  15  0:42  SCV  
  16  0:43  Barracks  
  16  0:48  Refinery  
  16  0:54  SCV  
  17  1:06  SCV  
  18  1:18  SCV  
  19  1:29  Refinery  
  19  1:31  Supply Depot, SCV  
  19  1:32  Reaper  
  21  1:43  SCV  
  22  1:56  SCV  
  23  2:03  Factory  
  23  2:08  SCV  
  23  2:13  Marine  
  23  2:14  Command Center  
  25  2:23  SCV  
  26  2:54  Starport, Factory Tech Lab  
  26  2:55  Marine  
  26  2:57  Orbital Command  
  27  3:13  Marine  
  28  3:22  SCV  
  29  3:31  Marine  
  29  3:32  Starport Tech Lab  
  29  3:33  Fusion Core  
  30  3:34  SCV  
  30  3:35  Siege Tank  
  34  3:49  SCV  
  34  3:50  Refinery  
  35  3:57  Refinery  
  35  4:01  SCV x2  
  37  4:10  Bunker  
  37  4:13  SCV x2  
  38  4:21  Battlecruiser  
  44  4:26  Supply Depot, SCV  
  44  4:29  SCV  
  46  4:45  SCV  
  46  4:46  SCV  
  46  4:47  Marine  
  46  4:48  Supply Depot  
  43  4:58  SCV  
  43  5:08  Siege Tank  
  46  5:22  Bunker  
  46  5:24  Marine  
  47  5:32  Battlecruiser  
  53  5:42  Marine  
  54  6:07  Siege Tank  
  54  6:08  Marine  
  58  6:18  Engineering Bay  
  58  6:25  Marine  
  53  6:39  Command Center, Siege Tank  
  56  6:43  Marine  
  56  6:44  Planetary Fortress  
  57  6:53  Bunker  
  57  6:55  Hi-Sec Auto Tracking  
  57  7:00  Missile Turret  
  57  7:14  Marine  
  58  7:21  Siege Tank  
  61  7:22  Barracks  
  61  7:24  SCV  
  62  7:40  Marine  
  62  7:41  SCV  
  64  7:44  Supply Depot  
  64  7:53  SCV  
  65  7:58  Marine  
  65  8:04  Siege Tank  
  65  8:05  SCV  
  70  8:07  Supply Depot  
  70  8:16  Marine  
  70  8:17  SCV  
  72  8:29  SCV, Medivac  
  72  8:30  Armory  
  72  8:34  Marine  
  75  8:37  Siege Tank  
  79  8:41  SCV  
  80  8:52  Marine  
  80  8:53  SCV  
  82  9:05  SCV  
  82  9:09  Marine  
  83  9:16  Planetary Fortress  
  84  9:19  Siege Tank  
  84  9:21  Terran Vehicle Weapons Level 1  
  87  9:27  Marine  
  87  9:28  Barracks Tech Lab  
  88  9:37  Factory  
  88  9:43  Factory  
  88  9:45  Marine  
  89  9:57  Concussive Shells, Marauder  
  91  10:02  Thor  
  97  10:09  Refinery  
  97  10:13  Refinery  
  97  10:18  Bunker, Marauder  
  99  10:23  Marine  
  100  10:30  Supply Depot  
  100  10:34  Supply Depot  
  100  10:39  Marine  
  101  10:43  Stimpack  
  101  10:51  Marine, Medivac  
  101  10:52  Supply Depot  
  101  10:56  Thor  
  110  10:57  Supply Depot, Marine  
  110  10:58  Supply Depot  
  111  11:09  Factory Tech Lab, Marine  
  112  11:15  Marine  
  112  11:16  SCV  
  114  11:21  Supply Depot  
  114  11:24  Medivac  
  116  11:27  Marine  
  116  11:28  SCV  
  116  11:30  Supply Depot  
  118  11:33  Marauder  
  118  11:38  Thor  
  126  11:40  SCV  
  126  11:45  Marine  
  128  11:51  Thor  
  128  11:52  SCV  
  135  11:54  Marauder  
  137  12:02  Terran Infantry Weapons Level 1  
  137  12:03  Marine  
  137  12:04  SCV  
  137  12:05  Factory Tech Lab  
  139  12:16  Marauder  
  139  12:20  Marine  
  139  12:21  Thor  
  148  12:30  Supply Depot  
  148  12:34  Thor  
  154  12:38  Marine  
  155  12:49  Terran Vehicle Weapons Level 2  
  155  12:56  Marine  
  78  14:38  Thor  
  78  14:40  Thor  
  78  14:43  Marine  
  91  14:46  Marauder  
  86  15:01  Marine  
  87  15:07  Marauder  
  87  15:09  Thor  
  95  15:19  Marine  
  96  15:21  Thor  
  102  15:29  Marauder  
  104  15:37  Marine  
  104  15:41  Combat Shield  
  105  15:49  Thor  
  111  15:50  Marauder  
  111  15:52  Thor  
  111  15:54  Marine  
  111  15:56  Terran Vehicle Weapons Level 3  
  120  16:13  Battlecruiser  
  126  16:22  Supply Depot  
  126  16:39  Command Center  
  126  16:47  Thor  
  126  16:50  Marauder  
  126  16:51  Marine  
  135  16:57  Thor  
  141  17:05  Siege Tank  
  144  17:09  Marine  
  144  17:11  Marauder  
  147  17:27  Marine  
  142  17:38  SCV  
  143  17:44  Marine, Thor  
  143  17:50  SCV  
  151  17:55  Siege Tank  
  154  18:03  SCV, Marine  
  156  18:06  Marauder  
  156  18:07  Thor  
  164  18:15  SCV  
  164  18:16  Planetary Fortress  
  165  18:21  Marine  
  163  18:27  Marauder  
  163  18:31  Thor  
  163  18:33  Terran Vehicle And Ship Armor Level 1  
  158  19:09  Command Center  
  158  19:14  Thor  
  164  19:26  SCV  
  165  19:38  SCV, Siege Tank  
  65  21:19  Thor  
  65  21:23  Planetary Fortress  
  71  21:28  Marine  
  71  21:29  Marine  
  73  21:46  Marine  
  74  21:47  Marine  
  75  22:02  Thor  
  75  22:05  Marine  
  75  22:08  Thor  
  91  22:15  Siege Tank  
Show
View Real Time Build Order
Export as new Build Order

Death Zerg - Winner!

Build Orders: Hatch First 

Get SALT Encoding   

  12  0:01  Drone  
  13  0:13  Overlord  
  13  0:17  Drone  
  14  0:32  Drone x2  
  16  0:50  Hatchery  
  16  0:52  Drone  
  16  1:07  Spawning Pool  
  16  1:10  Drone  
  16  1:14  Drone  
  17  1:20  Overlord  
  17  1:34  Drone x2  
  17  1:35  Extractor  
  18  1:45  Drone  
  19  2:02  Queen x2  
  19  2:03  Drone x2  
  19  2:05  Overlord  
  25  2:21  Drone x2  
  27  2:28  Zergling x4  
  29  2:34  Spine Crawler  
  29  2:36  Spine Crawler  
  26  2:51  Metabolic Boost  
  26  3:07  Zergling x4  
  26  3:08  Zergling x8  
  32  3:44  Drone x3  
  32  3:45  Drone x6, Baneling Nest  
  40  4:06  Drone x4  
  44  4:22  Lair  
  44  4:34  Overlord x2  
  44  4:44  Queen  
  40  5:10  Spore Crawler  
  40  5:12  Spore Crawler  
  38  5:24  Drone x2  
  40  5:30  Hydralisk Den  
  39  5:36  Hatchery  
  34  5:51  Spore Crawler  
  34  5:55  Spore Crawler  
  31  5:58  Drone x6  
  31  5:59  Drone x4, Hydralisk  
  31  6:00  Hydralisk x4  
  45  6:09  Queen  
  41  6:17  Drone x5  
  43  6:41  Drone x2  
  43  6:42  Hydralisk x2  
  49  6:51  Drone x3  
  52  6:59  Drone x2  
  54  7:02  Drone x4  
  54  7:06  Extractor  
  57  7:09  Extractor  
  56  7:24  Drone x2  
  56  7:25  Drone  
  56  7:26  Drone x3  
  56  7:29  Drone x4  
  66  7:31  Overlord  
  66  7:51  Drone x8  
  74  8:08  Roach Warren  
  74  8:11  Overlord x2  
  73  8:29  Spore Crawler  
  73  8:31  Spore Crawler  
  73  8:34  Hydralisk x5  
  71  8:36  Overlord x2  
  71  8:37  Overlord  
  67  9:15  Infestation Pit, Queen x2  
  67  9:17  Queen, Hydralisk x7  
  70  9:18  Hydralisk x3  
  92  9:30  Grooved Spines  
  92  9:33  Drone  
  92  9:34  Drone x2  
  95  9:53  Drone x6  
  95  9:55  Roach Warren  
  100  10:05  Pathogen Glands  
  100  10:13  Extractor  
  99  10:15  Extractor  
  98  10:28  Overlord  
  98  10:29  Overlord x2  
  98  10:32  Hydralisk, Roach x2  
  98  10:35  Glial Reconstitution  
  104  10:39  Drone  
  105  10:53  Evolution Chamber  
  105  10:55  Evolution Chamber  
  103  11:02  Drone  
  104  11:04  Hydralisk x2  
  104  11:05  Hydralisk x3, Roach x2  
  104  11:06  Roach x3, Infestor  
  126  11:12  Hatchery  
  126  11:15  Infestor  
  127  11:27  Drone  
  127  11:30  Drone  
  129  11:33  Overlord x3  
  129  11:36  Zerg Missile Weapons Level 1  
  129  11:55  Neural Parasite  
  129  12:06  Muscular Augments  
  129  12:10  Overseer  
  129  12:12  Overseer  
  129  12:13  Hydralisk x4, Roach x2  
  129  12:14  Roach x2  
  129  12:15  Roach  
  147  12:20  Zergling x12  
  153  12:32  Drone x6  
  153  12:33  Overlord  
  153  12:34  Overlord x2  
  159  12:50  Zerg Ground Armor Level 1  
  159  13:05  Drone x3  
  161  13:06  Drone x7  
  161  13:07  Drone x2  
  110  13:32  Hydralisk x3  
  110  13:33  Hydralisk x2, Roach x5  
  110  13:34  Roach  
  97  13:43  Hydralisk x11  
  118  13:51  Infestor  
  116  14:04  Hydralisk x3  
  116  14:06  Zergling x2  
  116  14:07  Zergling x2  
  95  14:40  Zergling x10, Hatchery  
  95  14:41  Hydralisk, Roach x2  
  95  14:42  Roach  
  105  15:04  Extractor  
  104  15:07  Extractor  
  104  15:11  Hatchery  
  102  15:24  Hydralisk x3, Roach  
  102  15:25  Roach x3  
  116  15:31  Infestation Pit  
  115  15:45  Hatchery  
  114  15:51  Zerg Missile Weapons Level 2  
  114  16:14  Unknown  
  114  16:24  Zergling x8  
  114  16:25  Zergling x2, Hydralisk  
  119  16:26  Hydralisk x4, Roach x3  
  119  16:27  Roach x3  
  141  16:36  Drone x4  
  145  16:45  Queen  
  147  16:55  Zergling x16  
  147  16:58  Zerg Melee Weapons Level 1  
  147  16:59  Centrifical Hooks  
  155  17:11  Hydralisk x3  
  155  17:12  Hydralisk x2, Roach x4  
  173  17:22  Extractor  
  170  17:40  Infestor  
  170  17:43  Hydralisk x3, Roach  
  170  17:44  Roach x3  
  184  17:45  Overlord x2  
  184  17:46  Overlord  
  186  17:55  Drone  
  187  18:11  Zergling x24  
  179  18:49  Hydralisk x2  
  179  18:50  Hydralisk x4, Roach x5  
  179  18:51  Roach x2  
  197  19:21  Lurker Den  
  189  19:46  Hydralisk  
  189  19:47  Hydralisk x2, Roach x3  
  189  19:48  Roach  
  162  20:10  Hydralisk, Roach x6  
  162  20:11  Hydralisk x4, Roach x6  
  162  20:12  Roach  
  150  20:18  Roach  
  148  20:25  Queen  
  150  20:30  Roach x6  
  162  20:36  Lurker x4  
  162  20:38  Zergling x10  
  162  20:39  Zergling x2  
  172  20:45  Zergling x10  
  116  21:13  Zergling x8  
  116  21:14  Zergling x6, Hydralisk x2  
  116  21:15  Hydralisk x3, Roach x4  
  116  21:16  Roach x2  
  145  21:29  Infestor x2  
  149  21:35  Extractor  
  149  21:38  Extractor  
  147  21:48  Hydralisk x2  
  147  21:49  Roach x2  
  147  21:50  Zergling x12  
  147  21:51  Zergling x24  
  173  22:02  Extractor  
  173  22:04  Extractor  
  173  22:05  Drone x3  
  173  22:08  Drone x3  
  177  22:09  Drone  
  177  22:10  Drone x2  
  177  22:12  Drone x3  
  177  22:13  Drone  
  177  22:14  Drone x2  
  186  22:18  Overlord x2  
  186  22:19  Overlord  
Tags
 
Add a new tag
Caveats
  • Supply blocks, unpowered buildings, or Contaminate may cause inaccurate times.
  • Supply counts are checked every 10 seconds.